AoeStats
← zamithdaniel

Pilgrims

507560937Analyzed
3v3 RM · 14d ago on Sep 18, 2026· 52m 32s· 6 players
Game mode
Random Map
Map size
Normal (6 player)
Population
200
Speed
Normal
Resources
Standard
Victory
Conquest
Starting age
Dark Age
Ending age
Imperial Age
RankedLock teamsTeams togetherTeam positionsShared explorationLock speedFull tech treeHidden civsTurbo modeCheats
Victory
Defeat
🇩🇪 Celts · Germany
1037
+15
🇩🇪 Huns · Germany
1018
+15
🇩🇪 Vikings · Germany
1016
+15
🇸🇪 Franks · Sweden
1044
-16
🇩🇪 Magyars · Germany
997
-15
🇨🇴 Celts · Colombia
968
-14
bubububu34bu
6:42 Loom
13:33 Feudal Age
18:53 Castle Age
17:56 Double-Bit Axe
20:29 Thumb Ring
20:54 Fletching
24:08 Padded Archer Armor
25:36 Bodkin Arrow
27:12 Ballistics
28:05 Town Watch
28:58 Wheelbarrow
30:02 Leather Archer Armor
32:23 Horse Collar
34:43 Hand Cart
37:45 Bloodlines
37:36 Husbandry
42:55 Imperial Age
43:23 Heavy Cavalry Archer
44:29 Parthian Tactics
46:53 Bracer
Admiral Pronk
4:52 Loom
11:07 Feudal Age
11:59 Double-Bit Axe
15:05 Forging
15:29 Scale Barding Armor
21:55 Castle Age
23:29 Medium Warships
28:49 Wheelbarrow
28:14 Gold Mining
28:37 Bow Saw
28:45 Husbandry
32:15 Imperial Age
29:31 Town Watch
32:42 Cavalier
34:54 Gold Shaft Mining
35:15 Iron Casting
35:01 Chain Barding Armor
34:31 Light Cavalry
37:18 Conscription
39:59 Paladin
41:28 Stone Mining
45:31 Blast Furnace
46:09 Plate Barding Armor
zamithdaniel
13:51 Feudal Age
18:42 Horse Collar
18:51 Double-Bit Axe
25:05 Castle Age
33:26 Heavy Plow
39:30 Imperial Age
44:09 Onager
47:41 Chemistry
46:36 Gold Mining
48:08 Gold Shaft Mining
Gym Knopf
9:56 Feudal Age
10:43 Man-at-Arms
21:07 Castle Age
21:25 Double-Bit Axe
21:22 Fishing Lines
22:16 Gillnets
23:19 Bow Saw
23:02 Stone Mining
23:13 Loom
25:44 Medium Warships
25:01 Pikeman
25:56 Scale Mail Armor
26:06 Forging
28:35 Gold Mining
32:37 Imperial Age
31:39 Chieftains
32:15 Chain Mail Armor
32:37 Town Watch
33:44 Elite Berserk
34:12 Horse Collar
40:17 Town Patrol
40:45 Conscription
42:38 Plate Mail Armor
42:43 Iron Casting
42:46 Heavy Plow
45:37 Blast Furnace
44:43 Squires
44:29 Gambesons
44:29 Arson
46:57 Elite Longship
52:52 Crop Rotation
Cersch
9:35 Feudal Age
10:55 Loom
12:31 Double-Bit Axe
14:04 Town Watch
16:16 Fishing Lines
19:15 Castle Age
18:25 Horse Collar
20:23 Bow Saw
23:01 Wheelbarrow
22:28 Heavy Plow
23:47 Gold Mining
24:50 Gillnets
25:58 Medium Warships
27:25 Scale Mail Armor
27:35 Forging
28:03 Stone Mining
28:49 Gold Shaft Mining
28:19 Gambesons
28:30 Pikeman
36:45 Imperial Age
34:38 Hand Cart
35:46 Ballistics
37:46 Iron Casting
38:22 Heavy Scorpion
39:37 Furor Celtica
41:26 Onager
42:31 Fortified Wall
42:27 Siege Engineers
45:31 Chemistry
45:08 Stone Shaft Mining
44:46 Masonry
44:00 Halberdier
45:17 Conscription
44:22 Elite Woad Raider
45:32 Siege Onager
47:42 Caravan
48:00 Chain Mail Armor
48:45 Blast Furnace
51:38 Plate Mail Armor
51:01 Fletching
AufDemKreis
10:04 Feudal Age
8:55 Loom
11:24 Fishing Lines
12:28 Double-Bit Axe
13:24 Gold Mining
21:10 Castle Age
18:56 Horse Collar
22:46 Stone Mining
23:19 Scale Barding Armor
24:41 Wheelbarrow
24:39 Forging
28:32 Town Watch
28:50 Husbandry
29:01 Bloodlines
29:15 Chain Barding Armor
29:31 Iron Casting
29:25 Squires
28:52 Pikeman
29:35 Scale Mail Armor
36:55 Imperial Age
35:24 Marauders
37:56 Chain Mail Armor
38:01 Halberdier
42:01 Hand Cart
42:24 Plate Barding Armor
42:51 Blast Furnace
42:31 Conscription
43:13 Elite Tarkan
46:14 Gold Shaft Mining
Connection lost

Rejoining the realm…

Still unreachable

The connection could not be restored.

Session expired

The server has moved on; the page needs a fresh start.